 Dungeon Crawl Stone Soup version 0.29.1-15-g9cfb28693d (webtiles) character file.

Game seed: 3261358902698387256

30 EarthwalkerPL the Trooper (level 3, 0/33 HPs)
             Began as a Minotaur Fighter on Mar 18, 2023.
             Slain by Sigmund
             ... wielding a +0 scythe
              (7 damage)
             ... on level 2 of the Dungeon.
             The game lasted 00:01:26 (1131 turns).

EarthwalkerPL the Trooper (Minotaur Fighter)        Turns: 1131, Time: 00:01:27

Health: 0/33       AC:  7    Str: 22    XL:     3   Next: 3%
Magic:  2/2        EV:  9    Int:  5    God:
Gold:   94         SH:  4    Dex:  9    Spells: 2/2 levels left

rFire   . . .      SeeInvis .   a - +0 war axe
rCold   . . .      Faith    .   c - +0 buckler
rNeg    . . .      Spirit   .   b - +0 scale mail
rPois   .          Reflect  .   (helmet restricted)
rElec   .          Harm     .   (no cloak)
rCorr   .          Rampage  .   (no gloves)
Will    .....                   (no boots)
Stlth   ..........              (no amulet)
HPRegen 0.11/turn               (no ring)
MPRegen 0.08/turn               (no ring)

@: no status effects
A: horns 2, retaliatory headbutt
a: no special abilities


You were on level 2 of the Dungeon.
You visited 1 branch of the dungeon, and saw 2 of its levels.

You collected 94 gold pieces.

Inventory:

Hand Weapons
 a - a +0 war axe (weapon)
Armour
 b - a +0 scale mail (worn)
 c - a +0 buckler (worn)
Jewellery
 m - a +4 ring of evasion
Scrolls
 f - 5 scrolls of identify {unknown}
 j - a scroll of magic mapping {unknown}
 k - a scroll of blinking {unknown}
Potions
 d - a potion of might
 e - 2 potions of curing {unknown}
 g - a potion of lignification {unknown}
 h - a potion of attraction {unknown}
 i - a potion of haste {unknown}
 l - a potion of berserk rage {unknown}


   Skills:
 * Level 4.1 Fighting
 * Level 3.1 Axes
 * Level 4.0 Armour
 + Level 3.8 Shields


You had 2 spell levels left.
You didn't know any spells.
Your spell library contained the following spells:

 Spells                   Type           Power      Damage    Failure   Level
 Ozocubu's Armour         Ice            0%         N/A       99%         3
 Ozocubu's Refrigeration  Ice            0%         4d7       100%        7


Dungeon Overview and Level Annotations

Branches:
Dungeon (2/15)

Altars:

Shops:
D:1 *

Annotations:
D:2 Sigmund


Innate Abilities, Weirdness & Mutations

You have a pair of horns on your head.
You reflexively headbutt those who attack you in melee.


Message History

The kobold closely misses you.
You slash the kobold!
You kill the kobold!
You block Sigmund's attack. Sigmund hits you with a +0 scythe!
Things that are here:
a +0 club; 2 stones; a kobold corpse You hit Sigmund.
Sigmund is lightly wounded.
Sigmund gestures at you while chanting.
You are confused.
You are too confused!
You are too confused!
You are too confused!
You barely miss Sigmund.
Sigmund is lightly wounded.
Sigmund closely misses you. Sigmund casts a spell at you.
The puff of flame hits you.
Sigmund says, "You will soon forget everything."
Sigmund hits you but does no damage.
You bump into the rock wall.
Unknown command.
You're too confused to move!
Sigmund gestures wildly while chanting.
Sigmund flickers and vanishes!
Deactivating autopickup; reactivate with Ctrl-A.
You feel less confused. You block something's attack.
You slash something! Your headbutt misses something. Something hits you.
You barely miss something. Something hits you.
You miss something. You headbutt something. Something hits you.
You miss something. Your headbutt misses something. Something hits you.
You barely miss something. Your headbutt misses something.
Something hits you but does no damage.
You barely miss something. Your headbutt misses something. Something hits you.
* * * LOW HITPOINT WARNING * * *
You barely miss something. Your headbutt misses something.
You barely miss something. Something hits you!
You die...

# #.# #.# ##.##.# ## #.# #.#
#.##.# .# #.# #.# #.##.# .#
##.# #.. #.##.# .# #..# #.##.#
## #..## #.##.. #...#######
#.# #.#........ #.# #..@# #.#
### ###.{## #.# ..#
##...)############.#
#.#########..................#
...........$.#........########
..##........?...#####.#
..##.#######.#$.# #.# .....#
#.#..# #.. ..#..# # .... ...#


There were no monsters in sight!

Vanquished Creatures
  A worm (D:2)
  2 bats (D:1)
  2 giant cockroaches
  3 goblins (D:1)
  3 hobgoblins
  3 jackals (D:1)
  3 ball pythons
  3 frilled lizards
  A kobold (D:2)
  5 rats
26 creatures vanquished.

Notes
Turn   | Place    | Note
-------+----------+-------------------------------------------
     0 | D:1      | EarthwalkerPL the Minotaur Fighter began the quest for the
                  | Orb.
     0 | D:1      | Reached XP level 1. HP: 19/19 MP: 0/0
   147 | D:1      | Found Guva's Assorted Antiques.
   220 | D:1      | Reached XP level 2. HP: 23/27 MP: 1/1
   460 | D:1      | Found a faded altar of an unknown god.
  1083 | D:2      | Reached XP level 3. HP: 31/33 MP: 2/2
  1114 | D:2      | Noticed Sigmund
  1131 | D:2      | Slain by Sigmund

Illustrated notes

Levels and vault maps discovered:
D:1:      evilmike_arrival_rings, layout_basic, serial_forest,
          infiniplex_forest_clump_small, infiniplex_forest_lined_3,
          infiniplex_forest_straight_4, infiniplex_forest_lined_2,
          infiniplex_forest_corner_1, infiniplex_forest_lined_2,
          infiniplex_forest_lined_4_way, infiniplex_forest_straight_2,
          serial_shops, nicolae_shop_overgrown_old_shop,
          shapermc_ecumenical_altar_hornbeckon
D:2:      layout_loops_ring, minmay_hedge_maze, grunt_decor_clamped,
          uniq_sigmund

Skill      XL: |  1  2 |
---------------+-------+-----
Axes           | 3 |  3.1
Fighting       | 4 |  4.1
Armour         | 4 |  4.0
Shields        | |  3.8

Action                   || total
-------------------------++-------
Melee: War axe           ||    66
       Headbutt          ||     4
Armor: Scale mail        ||    22
Dodge: Dodged            ||    37
Block: Buckler           ||    11
